 Dungeon Crawl Stone Soup version 0.31-a0-83-gbff143cfd1 (webtiles) character file.

Game seed: 7065053406516925359

83 Strat the Sneak (level 4, 0/27 HPs)
             Began as a Kobold Brigand on May 24, 2023.
             Slain by Robin
             ... wielding a +2 spectral club
              (5 damage)
             ... on level 2 of the Dungeon.
             The game lasted 00:02:19 (1271 turns).

Strat the Sneak (Kobold Brigand)                    Turns: 1271, Time: 00:02:20

Health: 0/27       AC:  3    Str:  8    XL:     4   Next: 71%
Magic:  4/4        EV: 14    Int: 12    God:
Gold:   28         SH:  5    Dex: 18    Spells: 3/3 levels left

rFire   . . .        a - +2 dagger
rCold   . . .        (no shield)
rNeg    . . .        b - +0 robe
rPois   .            (no helmet)
rElec   .            c - +0 cloak
rCorr   .            (no gloves)
SInv    .            (no boots)
Will    .....        g - amulet of reflection
Stlth   ++++         (no ring)
HPRegen 0.24/turn    (no ring)
MPRegen 0.09/turn

%: reflection
@: no status effects
A: small, no large weapons, nightstalker 3
a: no special abilities


You were on level 2 of the Dungeon.
You visited 1 branch of the dungeon, and saw 2 of its levels.

You collected 28 gold pieces.

Inventory:

Hand Weapons
 a - a +2 dagger (weapon)
Missiles
 d - 9 poisoned darts (quivered)
 e - 3 curare-tipped darts
Armour
 b - a +0 robe (worn)
 c - a +0 cloak (worn)
Jewellery
 g - an amulet of reflection (around neck)
Wands
 j - a wand of digging (9)
Scrolls
 f - a scroll of enchant armour {unknown}
 h - a scroll of blinking {unknown}
 i - a scroll of identify {unknown}
 k - a scroll of enchant weapon {unknown}
Potions
 l - a potion of degeneration {unknown}


   Skills:
 + Level 2.8 Fighting
 * Level 4.0 Short Blades
 + Level 2.7 Throwing
 + Level 1.8 Dodging
 * Level 6.2 Stealth


You had 3 spell levels left.
You didn't know any spells.
Your spell library was empty.

Dungeon Overview and Level Annotations

Branches:
Dungeon (2/15)

Altars:

Annotations:
D:2 Robin


Innate Abilities, Weirdness & Mutations

You are small and have problems with some larger weapons.
You are completely attuned to the shadows.


Message History

You barely miss the +2 spectral club.
A goblin comes into view. It is wielding a +0 dagger.
The +2 spectral club disappears.
You block Robin's attack.
You block the +2 spectral club's attack.
A +2 spectral club comes into view.
Things that are here:
a +0 dagger; a +0 club; a goblin corpse You hit Robin.
Robin is moderately wounded.
You barely miss Robin.
Robin is moderately wounded.
Robin hits you with a +2 spectral club.
* * * LOW HITPOINT WARNING * * *
You barely miss Robin.
Robin is moderately wounded.
Robin hits you with a +2 spectral club.
* * * LOW HITPOINT WARNING * * *
You hit Robin but do no damage.
Robin is moderately wounded.
Robin hits you with a +2 spectral club.
* * * LOW HITPOINT WARNING * * *
Unknown command.
You hit Robin but do no damage.
Robin is moderately wounded.
Robin hits you with a +2 spectral club.
* * * LOW HITPOINT WARNING * * *
You barely miss Robin.
Robin is moderately wounded.
You completely miss Robin.
Robin is moderately wounded.
Robin hits you with a +2 spectral club.
* * * LOW HITPOINT WARNING * * *
You hit Robin but do no damage.
Robin is moderately wounded.
Robin roars a battlecry!
You hear a shout!
You hit Robin.
Robin is moderately wounded.
Robin hits you with a +2 spectral club.
You die...

.## #.### #.. .#
#.# #.. .#
#.##.############..
.#
#...>..............
####..###########.#
#..# #.# #..# #.#
########..# #.#
#.g.)g@...# #.#
#.#######.# #.# #.#
#)# #.# ####.###
#)# #.# (......#
#.# #.# ##.....#
#.# #.# #.g...# #†#
#.# .......# #.#
#.# ##.g...# #.#
#.#


You could see Robin and a goblin (strong).

Vanquished Creatures
  A gnoll (D:1)
  An adder (D:2)
  4 dart slugs
  4 bats
  5 endoplasms (D:1)
  2 giant cockroaches (D:1)
  10 goblins
  3 hobgoblins (D:1)
  2 jackals (D:1)
  4 kobolds (D:1)
  3 quokkas (D:1)
  4 ball pythons
  2 frilled lizards
  5 rats
50 creatures vanquished.

Notes
Turn   | Place    | Note
-------+----------+-------------------------------------------
     0 | D:1      | Strat the Kobold Brigand began the quest for the Orb.
     0 | D:1      | Reached XP level 1. HP: 12/12 MP: 1/1
    83 | D:1      | Reached XP level 2. HP: 17/17 MP: 2/2
   309 | D:1      | Reached XP level 3. HP: 22/22 MP: 3/3
   548 | D:1      | Reached XP level 4. HP: 18/27 MP: 4/4
   981 | D:2      | Reached skill level 6 in Stealth
  1173 | D:2      | Noticed Robin
  1271 | D:2      | Slain by Robin

Illustrated notes

Levels and vault maps discovered:
D:1:      minmay_arrival_diagonal_passages, layout_loops_ring,
          chequers_serial_rivers_large_b, minmay_pentomino_s2
D:2:      layout_loops_ring, dreamdust_ecumenical_altar_drowned_temple,
          basic_altar, minmay_misc_feat_chi, uniq_robin

Skill      XL: |  1  2  3  4 |
---------------+-------------+-----
Short Blades   | 3 4 |  4.0
Stealth        | 6 |  6.2
Fighting       | |  2.8
Throwing       | |  2.7
Dodging        | |  1.8

Action                     |  1- 3 |  4- 6 || total
---------------------------+-------+-------++-------
  Melee: Dagger            |    65 |    64 ||   129
         Punch             |       |     1 ||     1
   Stab: Sleeping          |    17 |     7 ||    24
 Armour: Robe              |     6 |     7 ||    13
  Dodge: Dodged            |    27 |    30 ||    57
  Block: Other             |     6 |    11 ||    17

Table legend: (Time is in decaauts)
 A = Elapsed time spent in this place.
 B = Non-inter-level travel time spent in this place.
 C = Inter-level travel time spent in this place.
 D = Time resting spent in this place.
 E = Time spent auto-exploring this place.
 F = Levels seen in this place.
 G = Mean time per level.
                   A        B        C        D        E       F      G
               +--------+--------+--------+--------+--------+-----+--------+
         Total |   1297 |   1277 |     20 |      6 |    945 |   2 |  648.5 |
       Dungeon |   1297 |   1277 |     20 |      6 |    945 |   2 |  648.5 |
               +--------+--------+--------+--------+--------+-----+--------+

Top non-repeatable levels by time:
     D:1: 977 daAuts
     D:2: 320 daAuts
